[Event "*** SCC Grand Prix: Titled Tuesday Blitz"]
[Site "Chess.com"]
[Date "2020.09.29"]
[Round "9"]
[White "profofchess"]
[Black "QuintilianoR"]
[Result "0-1"]
[WhiteElo "2360"]
[BlackElo "2601"]
[TimeControl "180+1"]
[EndTime "11:44:04 PDT"]
[Termination "QuintilianoR won on time"]

1. e4 c5 2. Nf3 d6 3. c3 Nf6 4. Bc4 g6 5. e5 dxe5 6. Nxe5 e6 7. d4 cxd4 8. Bg5 Bg7 9. O-O O-O 10. cxd4 h6 11. Bh4 Nc6 12. Nxc6 bxc6 13. Nc3 a5 14.
Qd2 g5 15. Bg3 Nh5 16. Rfd1 Nxg3 17. hxg3 Rb8 18. Ne4 Qc7 19. Nc5 Rd8 20. Qe3 Qd6 21.
Ne4 Qb4 22. b3 a4 23. Rac1 axb3 24. axb3 Ra8 25. f4 gxf4 26. gxf4 Ra5 27. Ng3 Qd6 28. Ne2 Ba6 29. g3 Ra3 30. Bxa6 Rxa6 31. Rc2 Ra5 32.
Rcd2 Rd5 33. Kg2 Qb4 34. Qc3 Qxc3 35. Nxc3 Rxd4 36. Rxd4 Rxd4 37. Rxd4 Bxd4 38. Ne4 Kf8 39. Kf3 f5 40. Nd2 h5 41. Nc4 Ke7 0-1

[Event "*** SCC Grand Prix: Titled Tuesday Blitz"]
[Site "Chess.com"]
[Date "2020.09.29"]
[Round "9"]
[White "MarceloPlaya"]
[Black "lucachess49"]
[Result "0-1"]
[WhiteElo "2282"]
[BlackElo "2384"]
[TimeControl "180+1"]
[EndTime "11:44:04 PDT"]
[Termination "lucachess49 won on time"]

1. e4 e5 2. Nf3 Nc6 3. d4 exd4 4. Bc4 Nf6 5. Ng5 d5 6. exd5 Na5 7. Qxd4 Nxc4 8.
Qxc4 h6 9. Ne4 Nxd5 10. O-O c6 11. Rd1 Be7 12. Qe2 f5 13. Qh5+ Kf8 14. Ng3 Qe8 15. Qf3 Qf7 16. c4 Nb6 17. b3 Be6 18.
Bb2 Bf6 19. Nc3 g6 20. Nce4 Bxb2 21. Nd6 Qf6 22. Nge4 Qe7 23. c5 Nd5 24. Rab1 Be5 25.
g4 Kg7 26. gxf5 gxf5 27. Nxf5+ Bxf5 28. Qxf5 Rhf8 29. Qg4+ Kh7 30. Kh1 Rf4 31. Qe2 Raf8 32. Rg1 Rh4 33. Rg2 Nf4 34. Qc2 Nxg2 35. Ng5+ Kh8 0-1

[Event "*** SCC Grand Prix: Titled Tuesday Blitz"]
[Site "Chess.com"]
[Date "2020.09.29"]
[Round "9"]
[White "pavelalexandru07"]
[Black "AntonovaNadezhda"]
[Result "1-0"]
[WhiteElo "2210"]
[BlackElo "2045"]
[TimeControl "180+1"]
[EndTime "11:44:04 PDT"]
[Termination "pavelalexandru07 won by resignation"]

1. a3 d6 2. g3 Nf6 3. Bg2 g6 4. Nf3 Bg7 5. O-O O-O 6. d4 Nbd7 7. Nc3 c5 8. d5 Rb8 9. a4 b6 10. e4 Ne8 11. Re1 Nc7 12. Nb5 a6 13. Nxc7 Qxc7 14.
c4 b5 15. axb5 axb5 16. cxb5 Rxb5 17. Qc2 Qb6 18. Ra2 Ne5 19. Nd2 g5 20. h3 Bd7 21.
Kh2 Rb8 22. f4 gxf4 23. gxf4 Ng6 24. Nc4 Qb7 25. e5 Rb4 26. exd6 exd6 27. Nxd6 Qc7 28.
Nc4 Nxf4 29. d6 Qd8 30. Bxf4 Be6 31. b3 Rxb3 32. Na5 Rc3 33. Nc6 Rxc2 34. Rxc2 Qf6 35.
Be5 Qf5 36. Ne7+ Kf8 37. Nxf5 Bxf5 38. Bxg7+ Kxg7 39. Rxc5 Rd8 40. Rd5 Be6 41. Rd4 Rd7 42. Bc6 Rd8 43. d7 Kf6 44. Kg3 Ke7 45. Kf4 Rf8 46.
Red1 Rd8 47. h4 h6 48. Bd5 Bxd7 49. Bxf7 1-0

[Event "*** SCC Grand Prix: Titled Tuesday Blitz"]
[Site "Chess.com"]
[Date "2020.09.29"]
[Round "9"]
[White "Kildepiotr"]
[Black "PavelChernomordik"]
[Result "1-0"]
[WhiteElo "2583"]
[BlackElo "2335"]
[TimeControl "180+1"]
[EndTime "11:44:07 PDT"]
[Termination "Kildepiotr won on time"]

1. Nf3 g6 2. g3 Bg7 3. d4 d6 4. Bg2 Nf6 5. O-O O-O 6. Nbd2 Nbd7 7. e4 e5 8. dxe5 Nxe5 9. Nxe5 dxe5 10. Qe2 c6 11. a4 Be6 12. b3 Qc7 13. Bb2 Rfe8 14.
Nc4 Nd7 15. Rfd1 Bf8 16. Bf1 f6 17. Ne3 Nc5 18. Qf3 Be7 19. Rd2 Rad8 20. Rad1 Rxd2 21. Rxd2 Rd8 22. Rxd8+ Qxd8 23. Bc4 Bxc4 24. Nxc4 Ne6 25. Qg4 Kf7 26. h4 h5 27. Qf3 Kg7 28. Kg2 b5 29.
axb5 cxb5 30. Ne3 Nd4 31. Bxd4 Qxd4 32. Nd5 Qc5 33. b4 Qd6 34. Qc3 Bd8 35. Qc8 a6 36. c4 bxc4 37. Qxc4 f5 38. Nc3 f4 39. Nd5 fxg3 40. fxg3 Be7 41. Qc8 Bd8 42. Qb7+ Kg8 43. Qa8 Kg7 44. Qa7+ Kg8 45. Qb7 g5 46. hxg5 Bxg5 47.
Qc8+ Bd8 48. Qf5 h4 49. gxh4 Qc6 50. Kh3 1-0

[Event "*** SCC Grand Prix: Titled Tuesday Blitz"]
[Site "Chess.com"]
[Date "2020.09.29"]
[Round "9"]
[White "RaphCamora"]
[Black "FMalexhdez"]
[Result "1-0"]
[WhiteElo "2417"]
[BlackElo "2247"]
[TimeControl "180+1"]
[EndTime "11:44:07 PDT"]
[Termination "RaphCamora won on time"]

1. e4 c5 2. Nf3 d6 3. d4 cxd4 4. Nxd4 Nf6 5. Nc3 a6 6. Bg5 e6 7. f4 Nbd7 8. Qe2 Qc7 9. O-O-O Be7 10. g4 b5 11. a3 Bb7 12. Bg2 O-O-O 13. h4 Nc5 14. Bxf6 Bxf6 15. g5 Be7 16. Rh3 Kb8 17. f5 Rc8 18. fxe6 fxe6 19. Kb1 Rhf8 20. Rf3 Rxf3 21.
Bxf3 Rf8 22. Bg4 Bc8 23. Rf1 g6 24. Rxf8 Bxf8 25. Qf3 Bg7 26. Qf2 Bb7 27. Nf5 gxf5 28.
exf5 exf5 29. Qxf5 Na4 30. Nxa4 bxa4 31. Qd3 Qb6 32. c3 Ka7 33. Bd1 Bc6 34. Bc2 Qb7 35. Ka1 a5 36. Qxh7 Bd5 37. h5 Qe7 38. Qd3 Qe1+ 39.
Qd1 Qxd1+ 40. Bxd1 1-0

[Event "*** SCC Grand Prix: Titled Tuesday Blitz"]
[Site "Chess.com"]
[Date "2020.09.29"]
[Round "9"]
[White "shineatchess"]
[Black "annacramling"]
[Result "0-1"]
[WhiteElo "2193"]
[BlackElo "2052"]
[TimeControl "180+1"]
[EndTime "11:44:07 PDT"]
[Termination "annacramling won on time"]

1. e4 c5 2. Nf3 e6 3. b3 Nf6 4. e5 Nd5 5. Bb2 d6 6. exd6 Qxd6 7. Bb5+ Nc6 8. Ne5 Be7 9. Bxc6+ bxc6 10. Nc4 Qf4 11.
Bxg7 Rg8 12. Be5 Qe4+ 13. Qe2 Qxg2 14. Rf1 Bh4 15. Nd6+ Ke7 16. Na3 Nb4 17. O-O-O Ba6 18. Nac4 Qg6 19. Ne4 Qf5 20. Bd6+ Kd7 21. Nxc5+ Kc8 22.
Ne4 Rg4 23. Bxb4 Bxc4 24. Nd6+ Kc7 25. bxc4 Qf6 26. Bc3 Qe7 27. Ne4 f5 28. Ba5+ Kb7 29.
Qe3 Rxe4 30. Qb3+ Kc8 31. Rde1 Rb8 0-1

[Event "*** SCC Grand Prix: Titled Tuesday Blitz"]
[Site "Chess.com"]
[Date "2020.09.29"]
[Round "9"]
[White "Gajuchess"]
[Black "Herracek"]
[Result "1-0"]
[WhiteElo "2822"]
[BlackElo "2639"]
[TimeControl "180+1"]
[EndTime "11:44:10 PDT"]
[Termination "Gajuchess won by resignation"]

1. d4 Nf6 2. c4 e5 3. d5 c6 4. Nc3 Bb4 5. Bd2 O-O 6. e3 d6 7. Nge2 a5 8. a3 Bc5 9. Ng3 cxd5 10. cxd5 Nbd7 11. Bb5 Nb6 12. Bc1 Bg4 13. f3 Bd7 14. Bxd7 Qxd7 15. a4 Bb4 16. e4 Bc5 17. Qe2 Rfc8 18.
Nf5 g6 19. Bg5 Nfxd5 20. Nh6+ Kg7 21. exd5 f6 22. Bd2 Bd4 23. Ng4 Nc4 24. Ra2 h5 25. Ne3 Nxb2 26. Rxb2 Rxc3 27. Bxc3 Bxc3+ 28. Kf2 Bxb2 29. Qxb2 Rb8 30. Rc1 Qxa4 31. Rc7+ Kh6 32. Qd2 g5 33. Nf5+ Kg6 34. Nxd6 Qd4+ 35. Qxd4 exd4 36. g4 hxg4 37.
fxg4 f5 38. Nxf5 d3 39. Ke3 b5 40. Kxd3 b4 41. Kc2 a4 42. Nd4 b3+ 43. Kb1 a3 44.
Rc3 a2+ 45. Kb2 Rb4 46. Nxb3 Rxg4 47. Kxa2 Rg2+ 48. Ka3 Rxh2 49. d6 Kf7 50. Kb4 Ke6 51. Rd3 Rh4+ 52. Kb5 g4 53. Nc5+ Ke5 54. d7 Rh8 55. Re3+ Kf4 56. Re8 Rxe8 57. dxe8=Q 1-0

[Event "*** SCC Grand Prix: Titled Tuesday Blitz"]
[Site "Chess.com"]
[Date "2020.09.29"]
[Round "9"]
[White "Violord"]
[Black "Marcin"]
[Result "1-0"]
[WhiteElo "2689"]
[BlackElo "2477"]
[TimeControl "180+1"]
[EndTime "11:44:10 PDT"]
[Termination "Violord won by resignation"]

1. e4 c5 2. Nf3 e6 3. c3 d5 4. exd5 Qxd5 5. d4 Nf6 6. Be3 cxd4 7. Nxd4 a6 8. Nd2 Be7 9. Be2 O-O 10. Bf3 Qd8 11. O-O Nd5 12. Qe2 Nxe3 13. fxe3 Nd7 14. Nc4 Qc7 15. a4 Ne5 16. Nxe5 Qxe5 17. a5 Rb8 18. b4 Bd7 19. Qf2 Bg5 20. Rae1 Rbc8 21. Bxb7 Rxc3 22. Nf3 Qxe3 23. Nxg5 Qxg5 24. Bxa6 Bc6 25.
Be2 Rc2 26. Qg3 Qd2 27. b5 Bd5 28. a6 f5 29. Bf3 Bc4 30. Qe5 Bxf1 31. Rxf1 Ra2 32.
Qxe6+ Kh8 33. h3 Qd4+ 34. Kh1 Rb2 35. Bc6 f4 36. Qe4 Qxe4 37. Bxe4 Rxb5 38. Ra1 Rb4 39. a7 Rxe4 40. a8=Q Ree8 41. Qf3 Re3 42. Qd5 f3 43. gxf3 h6 44. Kg2 Re2+ 45. Kg3 Rf6 46. Ra8+ Kh7 47. Qd3+ 1-0

[Event "*** SCC Grand Prix: Titled Tuesday Blitz"]
[Site "Chess.com"]
[Date "2020.09.29"]
[Round "9"]
[White "mapleaff"]
[Black "karinachess1"]
[Result "0-1"]
[WhiteElo "2366"]
[BlackElo "2501"]
[TimeControl "180+1"]
[EndTime "11:44:11 PDT"]
[Termination "karinachess1 won on time"]

1. d4 Nf6 2. c4 g6 3. Nc3 Bg7 4. Bg5 O-O 5. Nf3 h6 6. Bh4 d6 7.
e3 c5 8. d5 g5 9. Bg3 Nh5 10. Nd2 Nxg3 11. hxg3 e6 12. Qc2 f5 13. dxe6 Bxe6 14. O-O-O Nc6 15. a3 a6 16. Nb3 Qe7 17.
Be2 b5 18. cxb5 axb5 19. Bxb5 Ne5 20. a4 Qb7 21. f4 Nc4 22. Rhe1 Rad8 23. Rd3 Nb6 24. Rd2 Qc7 25. Red1 d5 26. Ne2 Rc8 27. Kb1 Rfd8 28. Rc1 c4 29. Nbd4 Bd7 30. Bxd7 Qxd7 31. Qxf5 Qxa4 32. Qe6+ Kh8 33. Qxb6 Ra8 34. Nc3 Qd7 35.
Qc6 Qf7 36. Rh1 Bxd4 37. Qxh6+ Kg8 38. exd4 Qf5+ 0-1

[Event "*** SCC Grand Prix: Titled Tuesday Blitz"]
[Site "Chess.com"]
[Date "2020.09.29"]
[Round "9"]
[White "Evandro_Barbosa"]
[Black "MomchilPetkov"]
[Result "0-1"]
[WhiteElo "2725"]
[BlackElo "2631"]
[TimeControl "180+1"]
[EndTime "11:44:12 PDT"]
[Termination "MomchilPetkov won on time"]

1. e4 e6 2. d3 d5 3. Qe2 Nc6 4. Nf3 Nf6 5. c3 dxe4 6. dxe4 e5 7. Qc2 Bd6 8. Bb5 Bd7 9. O-O h6 10. Nbd2 O-O 11. Rd1 a6 12. Be2 Qe7 13. Nc4 Bc5 14.
Ne3 Be6 15. Nd5 Bxd5 16. exd5 Nb8 17. h3 Nbd7 18. c4 e4 19. Nd4 Ne5 20. Be3 Qd7 21.
Qc3 Rfe8 22. b4 Bxd4 23. Bxd4 Qf5 24. Rac1 h5 25. a4 h4 26. a5 Nh7 27. Qe3 Ng5 28.
Bb2 Nef3+ 29. gxf3 exf3 30. Qd4 f6 31. Bf1 Re4 32.
Qd3 Nxh3+ 33. Kh2 Nxf2 34. Qd2 Nxd1 35. Rxd1 Rae8 36. Qd3 Re2+ 37. Kh1 Qf4 0-1

[Event "*** SCC Grand Prix: Titled Tuesday Blitz"]
[Site "Chess.com"]
[Date "2020.09.29"]
[Round "9"]
[White "A-S-00"]
[Black "sergeikim"]
[Result "0-1"]
[WhiteElo "2269"]
[BlackElo "2424"]
[TimeControl "180+1"]
[EndTime "11:44:12 PDT"]
[Termination "sergeikim won on time"]

1. d4 Nf6 2. c4 g6 3. g3 Bg7 4. Bg2 O-O 5. Nf3 d6 6. O-O Nbd7 7. Nc3 e5 8. e4 exd4 9. Nxd4 Re8 10. h3 Nc5 11. Re1 c6 12. Kh2 a5 13. b3 Nfd7 14. Bb2 Qb6 15. Rb1 Ne5 16. Re3 a4 17. Nxa4 Nxa4 18.
bxa4 Qa5 19. Nb3 Qxa4 20. Bxe5 dxe5 21. c5 Be6 22. Rb2 Red8 23. Qc2 Qc4 24. Qb1 Qa4 25. Bf1 Bh6 26. Re1 Rd7 27. Nc1 Qa5 28. Nd3 Bg7 29.
Rxb7 Bxa2 30. Qb4 Qxb4 31. Rxb4 Be6 32. Rb6 Rc7 33. Nb4 Bf8 34. Rxc6 Rb7 35. Nd3 Ra2 36. Nxe5 Rxf2+ 37. Kg1 Rc2 38. Bd3 Rxc5 39. Rxc5 Bxc5+ 40. Kg2 Bd4 41. Nf3 Bf6 42. Rc1 Rb3 43. Be2 Rb2 44.
Re1 Bc4 0-1

[Event "*** SCC Grand Prix: Titled Tuesday Blitz"]
[Site "Chess.com"]
[Date "2020.09.29"]
[Round "9"]
[White "VladaSviridova"]
[Black "WiktoriaPOL"]
[Result "0-1"]
[WhiteElo "2212"]
[BlackElo "2060"]
[TimeControl "180+1"]
[EndTime "11:44:13 PDT"]
[Termination "WiktoriaPOL won by resignation"]

1. d4 Nf6 2. c4 g6 3. Nc3 Bg7 4.
e4 d6 5. Nf3 O-O 6. Be2 e5 7.
O-O Nc6 8. d5 Ne7 9. Ne1 Nd7 10.
Be3 f5 11. f3 f4 12. Bf2 g5 13. Nd3 h5 14. c5 Nf6 15. Rc1 Ng6 16. Kh1 Rf7 17. Rg1 g4 18. g3 fxg3 19. Bxg3 h4 20.
Bf2 Bh6 21. Rc2 Nh7 22. fxg4 Ng5 23. Be3 Nf4 24. Rf1 Nxe2 25. Qxe2 Bxg4 26. Qg2 Rxf1+ 27. Qxf1 Bf3+ 28. Kg1 Qd7 29. Nf2 Kh8 30. h3 Rg8 31.
Kh2 Bh5 32. Ng4 Bxg4 33. hxg4 Qxg4 34. Rg2 Qh3+ 35. Kg1 Nf3+ 36. Kf2 Bxe3+ 37. Kxe3 Rxg2 38. Ne2 Nh2+ 39. Kd2 Nxf1+ 0-1

[Event "*** SCC Grand Prix: Titled Tuesday Blitz"]
[Site "Chess.com"]
[Date "2020.09.29"]
[Round "9"]
[White "OsorioFernando"]
[Black "Snowflake"]
[Result "0-1"]
[WhiteElo "2302"]
[BlackElo "2473"]
[TimeControl "180+1"]
[EndTime "11:44:14 PDT"]
[Termination "Snowflake won on time"]

1. e4 e6 2. d4 d5 3. Bd3 Nf6 4.
e5 Nfd7 5. c4 dxc4 6. Bxc4 c5 7.
dxc5 Nc6 8. Nc3 Ncxe5 9. Bb3 Bxc5 10. Bf4 O-O 11. Nf3 Nxf3+ 12. Qxf3 Nf6 13. O-O Qe7 14. Bg5 h6 15. Bh4 Rb8 16. Rad1 Bd7 17. Ne4 Bc6 18. Bxf6 gxf6 19. Nxf6+ Kg7 20. Nh5+ Kh8 21. Qc3+ f6 22. Rfe1 e5 23. Ng3 Bb6 24. Nf5 Qh7 25. Qh3 h5 26. Bd5 Rbd8 27. Bxc6 bxc6 28. Qf3 Rd5 29. Rc1 e4 30. Qa3 Bxf2+ 31. Kxf2 Rxf5+ 32. Kg1 Re8 33. Qd6 e3 34. Qxc6 Qe7 35. Qc4 e2 36. Rc2 Qe3+ 37. Kh1 Rf1+ 38. Rxf1 e1=Q 0-1

[Event "*** SCC Grand Prix: Titled Tuesday Blitz"]
[Site "Chess.com"]
[Date "2020.09.29"]
[Round "9"]
[White "JuliaEfremova"]
[Black "JoliyRoger"]
[Result "0-1"]
[WhiteElo "2346"]
[BlackElo "2445"]
[TimeControl "180+1"]
[EndTime "11:44:15 PDT"]
[Termination "JoliyRoger won by resignation"]

1. d4 Nf6 2. Bf4 e6 3. e3 b6 4. Bd3 Bb7 5. Nf3 Be7 6. Nbd2 a6 7. c3 d5 8. Ne5 Nbd7 9. Qe2 O-O 10. h4 Ne4 11. h5 f6 12. Ng6 Re8 13. Nxe7+ Rxe7 14. f3 Nxd2 15. Kxd2 e5 16. Bg3 c5 17. Qf2 cxd4 18.
exd4 b5 19. Rae1 Qa5 20. Bb1 b4 21. dxe5 bxc3+ 22. bxc3 fxe5 23. Ke2 Qb5+ 24. Bd3 Qb2+ 25. Kf1 Qxc3 26. Bb1 e4 27. h6 g6 28. Bh4 Rf7 29.
f4 Raf8 30. g3 d4 31. Rh2 e3 32. Qb2 Qxb2 33. Rxb2 Ne5 34. Ke2 Nf3 35. Rh1 Bd5 36.
Rb6 Nd2 37. Rc1 Bc4+ 38. Ke1 Nxb1 39. Rcxb1 d3 40. Rb7 d2+ 41. Kd1 Bb5 42. Rxf7 Rxf7 43.
Bg5 Rd7 44. g4 Ba4+ 45. Ke2 d1=Q+ 46. Rxd1 Bxd1+ 47. Kxe3 Bxg4 0-1

[Event "*** SCC Grand Prix: Titled Tuesday Blitz"]
[Site "Chess.com"]
[Date "2020.09.29"]
[Round "9"]
[White "Grandmaster2B"]
[Black "monalize"]
[Result "1-0"]
[WhiteElo "2391"]
[BlackElo "2284"]
[TimeControl "180+1"]
[EndTime "11:44:15 PDT"]
[Termination "Grandmaster2B won on time"]

1. e4 c5 2. Nf3 d6 3. d4 cxd4 4. Nxd4 Nf6 5. Nc3 a6 6. f3 e6 7. Be3 b5 8. Qd2 Bb7 9. g4 b4 10. Nce2 d5 11. e5 Nfd7 12. f4 Qh4+ 13. Bf2 Qxg4 14.
Rg1 Qh5 15. Ng3 Qh6 16. Be3 Qh4 17. f5 Nxe5 18. O-O-O Qe7 19. fxe6 fxe6 20. Bg5 Qd6 21. Bf4 Nbd7 22. Re1 Be7 23. Bh3 Rf8 24. Nxe6 Rf7 25. Nh5 g6 26. Nhg7+ Rxg7 27. Nxg7+ Kf7 28. Bxd7 Qxd7 29.
Bxe5 Rc8 30. Rgf1+ Kg8 31. Bd4 Bh4 32. Re2 Bc6 33.
Nh5 Bb5 34. Nf6+ Bxf6 35. Rxf6 Bxe2 36. Qxe2 Re8 37. Qf2 Qg4 38. b3 Qg5+ 39. Kb2 Qg4 40. Rf7 1-0

[Event "*** SCC Grand Prix: Titled Tuesday Blitz"]
[Site "Chess.com"]
[Date "2020.09.29"]
[Round "9"]
[White "HouseOfDurin"]
[Black "Kaslask"]
[Result "1-0"]
[WhiteElo "2165"]
[BlackElo "2331"]
[TimeControl "180+1"]
[EndTime "11:44:16 PDT"]
[Termination "HouseOfDurin won on time"]

1. d4 Nf6 2. Bg5 e6 3. e4 h6 4. Bxf6 Qxf6 5. e5 Qd8 6. f4 c5 7. d5 d6 8. dxe6 Bxe6 9. Nf3 Nc6 10. Bb5 Qa5+ 11. Nc3 O-O-O 12. Bxc6 bxc6 13. exd6 Bxd6 14. Qc1 Qb4 15. g3 Bh3 16. Kf2 c4 17. Ne4 Rhe8 18.
Qe3 Rxe4 19. Qxe4 Bc5+ 20. Ke2 Rd6 21. Qe8+ Kc7 22. Qxf7+ Rd7 23. Qh5 Bg2 24. Rhd1 Re7+ 25. Ne5 Qxb2 26. Rac1 Be4 27. Kf1 Qc3 28. Qe2 Bd4 29.
Rxd4 Qxd4 30. Re1 Bd5 31. Qe3 Qxe3 32. Rxe3 g5 33. Ra3 gxf4 34. Rxa7+ Kb6 35. Rxe7 fxg3 36. hxg3 Kc5 37. Nf7 Kd4 38. Nxh6 Kc3 39. Rd7 Kxc2 40. Nf5 Kd3 41. Ne7 Kd4 42. Nxd5 cxd5 43. Ke1 1-0

[Event "*** SCC Grand Prix: Titled Tuesday Blitz"]
[Site "Chess.com"]
[Date "2020.09.29"]
[Round "9"]
[White "Barys1974"]
[Black "gmpeter008"]
[Result "1-0"]
[WhiteElo "2641"]
[BlackElo "2417"]
[TimeControl "180+1"]
[EndTime "11:44:17 PDT"]
[Termination "Barys1974 won on time"]

1. Nf3 Nf6 2. c4 c5 3. Nc3 e6 4. e3 Nc6 5. d4 d5 6. cxd5 exd5 7. Bb5 cxd4 8. Nxd4 Bd7 9. O-O Bd6 10. Nf3 Bg4 11. h3 Bh5 12. Be2 O-O 13. Nh4 Bxe2 14. Nxe2 Ne4 15.
Nf3 Rc8 16. b3 Qf6 17. Rb1 Qe6 18. Bb2 f5 19. Ned4 Qd7 20. Rc1 f4 21. exf4 Rxf4 22.
Ne2 Rf7 23. Ned4 Rcf8 24. Rc2 Bb8 25. Nxc6 bxc6 26. Ne5 Bxe5 27. Bxe5 Nxf2 28. Rfxf2 Rxf2 29. Rxf2 Rxf2 30. Kxf2 Qf5+ 31. Kg1 Qxe5 32. Qg4 Qe8 33.
Qd4 Qe7 34. b4 h6 35. a4 Qe1+ 36. Kh2 a5 37. b5 Qe6 38. b6 Qd6+ 39. Kg1 c5 40.
Qb2 d4 41. b7 Qb8 42. Qb3+ Kh7 43. Qd5 d3 44. Qxd3+ g6 45. Qd7+ 1-0

[Event "*** SCC Grand Prix: Titled Tuesday Blitz"]
[Site "Chess.com"]
[Date "2020.09.29"]
[Round "9"]
[White "antoszu"]
[Black "Nara_Kh"]
[Result "1-0"]
[WhiteElo "2589"]
[BlackElo "2396"]
[TimeControl "180+1"]
[EndTime "11:44:18 PDT"]
[Termination "antoszu won by resignation"]

1. e4 c5 2. Nf3 d6 3. d4 Nf6 4. Nc3 cxd4 5. Nxd4 a6 6. h4 e5 7. Nb3 b5 8. Bg5 Bb7 9. Nd5 Nbd7 10. a4 h6 11.
Bxf6 Nxf6 12. Nxf6+ Qxf6 13. axb5 Bxe4 14. Rxa6 Be7 15.
Nc5 Qf4 16. Nxe4 Qxe4+ 17. Qe2 Qb7 18. Qf3 e4 19. Qa3 O-O 20. Be2 d5 21. Qa2 d4 22.
O-O Bc5 23. Ra1 Rad8 24. Qc4 Qe7 25. Rc6 Rc8 26. b4 Rxc6 27. bxc6 Bxb4 28. Qxd4 Bc5 29. Qc4 Qd6 30. Rd1 Qxc6 31. Rd5 Rc8 32. Qxe4 Qb6 33. Qf3 g6 34. Bd3 Rc7 35. Rd8+ Kg7 36. h5 Qe6 37. hxg6 Qe1+ 38. Kh2 Qe5+ 39. g3 fxg6 40. Rd5 Qf6 41. Qxf6+ Kxf6 42. Kg2 Bb6 43. Rd6+ Ke5 44. Rxb6 g5 45. Rxh6 1-0

[Event "*** SCC Grand Prix: Titled Tuesday Blitz"]
[Site "Chess.com"]
[Date "2020.09.29"]
[Round "9"]
[White "rugbyclub"]
[Black "sorrm8thatscheckm8"]
[Result "0-1"]
[WhiteElo "2158"]
[BlackElo "2455"]
[TimeControl "180+1"]
[EndTime "11:44:18 PDT"]
[Termination "sorrm8thatscheckm8 won by resignation"]

1. e4 e6 2. d4 d5 3. e5 c5 4.
c3 Nc6 5. Nf3 Qb6 6. a3 c4 7.
Nbd2 Na5 8. Be2 Bd7 9. O-O f5 10.
exf6 gxf6 11. Re1 O-O-O 12. Rb1 Bd6 13. b3 cxb3 14. c4 dxc4 15. Nxc4 Nxc4 16. Bxc4 Kb8 17.
Bxb3 Ne7 18. Bd2 Qa6 19. Bb4 Bxb4 20. axb4 Nd5 21. Bxd5 exd5 22. Nd2 Qd6 23. Nb3 Rde8 24. Nc5 Bb5 25. Qf3 b6 26. Rxe8+ Rxe8 27. Nd3 Qe6 28.
g3 Qe4 29. Qf4+ Kb7 30. Qxe4 Rxe4 31. Nf4 Rxd4 32. h4 Rd2 33. Kg2 d4 34. g4 Bc6+ 35. Kg3 d3 36. b5 Bd7 37. Rb3 Rd1 38. Nxd3 Rg1+ 39. Kf4 Rxg4+ 40. Ke3 Rxh4 41. Nf4 Rh1 42. Nd5 Re1+ 43. Kd2 Re5 44. Nxf6 Bxb5 45. Rxb5 Rxb5 46. Ne4 Rh5 0-1

[Event "*** SCC Grand Prix: Titled Tuesday Blitz"]
[Site "Chess.com"]
[Date "2020.09.29"]
[Round "9"]
[White "AniJak"]
[Black "TheMagnet"]
[Result "0-1"]
[WhiteElo "2377"]
[BlackElo "2575"]
[TimeControl "180+1"]
[EndTime "11:44:19 PDT"]
[Termination "TheMagnet won by resignation"]

1. e4 c5 2. Nc3 g6 3. g3 Bg7 4. Bg2 Nc6 5. d3 d6 6. Nh3 Rb8 7. O-O e6 8. f4 Nge7 9. g4 f5 10. g5 O-O 11. Be3 Nd4 12. Qd2 b5 13. Nd1 b4 14. c3 bxc3 15. bxc3 Nb5 16. a4 Nc7 17. e5 Ncd5 18. exd6 Qxd6 19. Kh1 Nxe3 20. Nxe3 Bb7 21. Rad1 Bxg2+ 22. Nxg2 Nd5 23. Rc1 Rb3 24. c4 Nb4 25.
Nf2 Rb2 26. Qd1 Bd4 27. Nh3 Qc6 28. Qf3 Rc8 29. Rce1 Nxd3 30. Qxc6 Rxc6 31. Rd1 Nb4 32. Ne1 Ra6 33. Nf3 Nc6 34. Rde1 Kf7 35. Rb1 Rab6 36. Rxb2 Rxb2 37. Nhg1 Rb4 38. Ne2 Rxa4 39.
Rb1 Ra1 40. Rxa1 Bxa1 41. Nc1 Bd4 42. Nb3 Be3 43. Ne1 a5 44. Nd3 a4 45. Nbxc5 Bxc5 46. Nxc5 a3 47. Nb3 a2 48. Kg2 Na5 49. Na1 Nxc4 50.
Kf3 e5 51. fxe5 Ke6 52. Ke2 Nxe5 53. Kd2 Nf3+ 54. Kc2 Nxh2 55. Kb2 Nf3 0-1

[Event "*** SCC Grand Prix: Titled Tuesday Blitz"]
[Site "Chess.com"]
[Date "2020.09.29"]
[Round "9"]
[White "rasmussvane"]
[Black "Jumbo"]
[Result "1-0"]
[WhiteElo "2898"]
[BlackElo "2709"]
[TimeControl "180+1"]
[EndTime "11:44:20 PDT"]
[Termination "rasmussvane won by resignation"]

1. Nf3 d5 2. g3 c6 3. Bg2 Bg4 4.
O-O Nd7 5. h3 Bh5 6. d4 Ngf6 7.
c4 e6 8. cxd5 exd5 9. Ne5 Bg6 10. Nc3 Bb4 11. Qb3 Qb6 12. Nxg6 hxg6 13. Rd1 O-O 14.
Na4 Qa5 15. a3 Bd6 16. Bd2 Qc7 17. Rac1 Rad8 18. Qc2 Rfe8 19. Nc3 Qb8 20. Bg5 Rc8 21. Qd3 a5 22. Re1 Re6 23. h4 Rce8 24. Bh3 R6e7 25. Qf3 Bc7 26. Kg2 Bb6 27. Rcd1 Qd8 28. e3 Bc7 29. Re2 b5 30. Rde1 b4 31. axb4 axb4 32.
Na4 Bd6 33. b3 Re4 34. Rc2 Nb8 35. Ra1 Qc7 36. Nc5 Bxc5 37. Rxc5 Nfd7 38. Rca5 Qd6 39. Ra7 Nf6 40. Rb7 Nbd7 41. Raa7 Rd8 42. Bxf6 Nxf6 43. Rxf7 Ne8 44. Rxg7+ Nxg7 45. Qf7+ 1-0

[Event "*** SCC Grand Prix: Titled Tuesday Blitz"]
[Site "Chess.com"]
[Date "2020.09.29"]
[Round "9"]
[White "EvgenyRomanov"]
[Black "youngKID"]
[Result "0-1"]
[WhiteElo "2620"]
[BlackElo "2779"]
[TimeControl "180+1"]
[EndTime "11:44:20 PDT"]
[Termination "youngKID won by resignation"]

1. b3 b6 2. Bb2 Bb7 3. Nf3 Nf6 4. e3 g6 5. d4 Bg7 6. Nbd2 O-O 7. Bd3 c5 8. O-O Nc6 9. a3 d5 10. Qe2 a5 11.
dxc5 bxc5 12. e4 Nxe4 13. Bxg7 Nxd2 14. Bxf8 Nxf3+ 15. Qxf3 Kxf8 16. Qe3 Qd6 17. Rae1 e5 18. Qh6+ Kg8 19. Re3 Bc8 20. Rfe1 Be6 21. h4 e4 22. Bf1 Nd4 23. Rc3 a4 24. h5 axb3 25. cxb3 Rxa3 26.
Rec1 Nxb3 27. Rg3 c4 28. Rd1 Qf8 29. Qf4 Ra8 30. h6 Rc8 31. f3 c3 32. fxe4 c2 33. Re1 c1=Q 34. Rxc1 Nxc1 35. exd5 Bxd5 36. Rh3 Be6 37.
Rh4 Nb3 38. Qf6 Nc5 39. Bb5 Rb8 40. Be2 Nd7 41. Qa1 Qc5+ 42. Kh2 Qe5+ 43. Qxe5 Nxe5 44. Re4 Nd7 45. g4 Nf6 46. Kg3 Nxe4+ 0-1

[Event "*** SCC Grand Prix: Titled Tuesday Blitz"]
[Site "Chess.com"]
[Date "2020.09.29"]
[Round "9"]
[White "Margency"]
[Black "fabianvivasz"]
[Result "1-0"]
[WhiteElo "2649"]
[BlackElo "2454"]
[TimeControl "180+1"]
[EndTime "11:44:22 PDT"]
[Termination "Margency won on time"]

1. e4 e5 2. Nf3 Nc6 3. Bc4 Nf6 4. d3 Bc5 5. O-O O-O 6. a4 d5 7. exd5 Nxd5 8. Re1 Bg4 9. h3 Bh5 10.
Nbd2 Nf4 11. Ne4 Nd4 12. Bxf4 Bxf3 13. gxf3 exf4 14. c3 Nf5 15. Nxc5 Qg5+ 16. Kh2 Nh4 17. Rg1 Qxc5 18. Rg4 Qxf2+ 19. Kh1 Rae8 20. d4 Re3 21.
Qf1 Qxf1+ 22. Rxf1 Ng6 23. h4 h5 24. Rxg6 Rfe8 25.
Rfg1 Rxf3 26. Rxg7+ Kh8 27. R7g2 Rh3+ 28. Rh2 Rhe3 29.
Rf1 f3 30. Rhf2 R8e4 31. Rxf3 Rxh4+ 32. Kg2 Rg4+ 33. Kf2 Rxf3+ 34. Kxf3 Kg7 35. Ke2 f6 36. Bd3 c6 37. Rf5 h4 38. Rh5 Kf7 39. Rh7+ Ke6 40. Rxb7 h3 41. Rh7 Rg2+ 42. Ke3 h2 43. Be4 1-0

[Event "*** SCC Grand Prix: Titled Tuesday Blitz"]
[Site "Chess.com"]
[Date "2020.09.29"]
[Round "9"]
[White "gumimis"]
[Black "MisiekZielony"]
[Result "1-0"]
[WhiteElo "2248"]
[BlackElo "2257"]
[TimeControl "180+1"]
[EndTime "11:44:22 PDT"]
[Termination "gumimis won on time"]

1. e4 Nf6 2. e5 Nd5 3. Nc3 e6 4.
Nxd5 exd5 5. d4 d6 6. f4 Nc6 7. Nf3 Be7 8. Be3 f6 9. exf6 Bxf6 10. Bd3 Ne7 11. O-O Bf5 12. Ng5 Qd7 13. Bxf5 Nxf5 14.
Qf3 c6 15. Rae1 O-O 16. c3 Bxg5 17. fxg5 Nxd4 18. Qh5 Nf5 19. g6 hxg6 20. Qxg6 Rae8 21. Bxa7 Rxe1 22. Rxe1 c5 23. g4 Nh4 24. Qe6+ Qxe6 25. Rxe6 Rc8 26. Rxd6 Nf3+ 27. Kf2 Nd2 28. Rxd5 Nc4 29.
Rxc5 Rxc5 30. Bxc5 Nxb2 31. Ke3 Kf7 32. Kd4 Ke6 33.
c4 Na4 34. h4 Nb2 35. Bb4 1-0